cohdb
Replays
Latest Replays
All Replays
Popular Replays
Top Player Replays
Match Explorer
How It Works
Community
CoH3 Stats
Reddit
Sign in to upload your games and track your stats! →
Sign in with Steam
Match 38304624
Unlisted
Match 38304624
Overview
Messages
Build Orders
End
Construct Barracks
Riflemen Squad
1⁄4-ton 4x4 Truck
Selects Armored Battlegroup
Selects Veteran Crews
Riflemen Squad
Riflemen Squad
Mechanized Support Center
M1 Mortar Team
M1918 Browning Automatic Rifles
Riflemen Squad
Grenade Package
Construct Medical Station
Engineer Squad
Construct Tank Depot
Selects Fast Deploy
Selects M8 Scott SPG
Selects M31 Recovery Vehicle
Selects UNKNOWN (2160077)
M4A3E8 Sherman Easy Eight
Salvage Crew
M4A3E8 Sherman Easy Eight
Selects War Machine
Designate Forward Repair Station
Rapid Repairs
M4A3E8 Sherman Easy Eight
M4A3E8 Sherman Easy Eight
Designate Forward Repair Station
M4A3E8 Sherman Easy Eight
Designate Forward Repair Station
Bruistablet
coldvortex
0
0
Comments
sign in to comment!
No comments posted yet!